 Dungeon Crawl Stone Soup version 0.27.1-3-gb3d3a73c9e (webtiles) character file.

Game seed: 17334246380742428782

18 BinkBink the Skirmisher (level 2, -1/33 HPs)
             Began as an Ogre Berserker on Oct 31, 2021.
             Was a Follower of Trog.
             Slain by a ball python (3 damage)
             ... on level 1 of the Dungeon.
             The game lasted 00:00:59 (1123 turns).

BinkBink the Skirmisher (Ogre Berserker)            Turns: 1123, Time: 00:00:59

Health: -1/33      AC:  3    Str: 20    XL:     2   Next: 70%
Magic:  2/2        EV: 10    Int:  8    God:    Trog [*.....]
Gold:   21         SH:  0    Dex:  8    Spells: 1/1 levels left

rFire    . . .     SeeInvis .   a - +0 hand axe
rCold    . . .     Faith    .   (no shield)
rNeg     . . .     Spirit   .   b - +0 animal skin
rPois    .         Reflect  .   (helmet restricted)
rElec    .         Harm     .   (no cloak)
rCorr    .         Rampage  .   (gloves unavailable)
Will     .....                  (boots unavailable)
Stlth    +.........             (no amulet)
HPRegen  0.11/turn              (no ring)
MPRegen  0.08/turn              (no ring)

@: no status effects
A: large, unfitting armour, tough skin 1
a: Renounce Religion, Berserk


You were on level 1 of the Dungeon.
You worshipped Trog.
Trog was aware of your devotion.
You visited 1 branch of the dungeon, and saw 1 of its levels.

You collected 21 gold pieces.

Inventory:

Hand Weapons
 a - a +0 hand axe (weapon)
Armour
 b - a +0 animal skin (worn)
 d - a +0 buckler
Scrolls
 c - a scroll of fog {unknown}


   Skills:
 + Level 4.7 Fighting
 + Level 3.2 Axes
 * Level 2.8 Dodging


You had one spell level left.
You didn't know any spells.
Your spell library was empty.

Dungeon Overview and Level Annotations

Branches:
Dungeon (1/15)

Altars:


Innate Abilities, Weirdness & Mutations

You are too large for most types of armour.
You have tough skin. (AC +1)


Message History

The ball python bites you.
* * * LOW HITPOINT WARNING * * *
The ball python barely misses you. The ball python misses you.
The ball python barely misses you.
The ball python bites you but does no damage.
The ball python bites you but does no damage.
The ball python barely misses you. The ball python bites you.
* * * LOW HITPOINT WARNING * * *
The ball python bites you but does no damage.
The ball python closely misses you.
The ball python bites you but does no damage.
The ball python barely misses you.
The ball python bites you but does no damage.
The ball python closely misses you. The ball python barely misses you.
The ball python closely misses you. The ball python barely misses you.
The ball python closely misses you. The ball python closely misses you.
The ball python bites you but does no damage.
The ball python barely misses you.
The ball python bites you but does no damage.
The ball python bites you.
* * * LOW HITPOINT WARNING * * *
The ball python closely misses you.
The ball python bites you but does no damage.
The ball python barely misses you. The ball python closely misses you.
The ball python closely misses you. The ball python misses you.
The ball python bites you.
* * * LOW HITPOINT WARNING * * *
The ball python bites you but does no damage.
The ball python misses you. The ball python barely misses you.
The ball python bites you.
* * * LOW HITPOINT WARNING * * *
The ball python bites you.
You die...

#..># ##...†...##
....# ##.....##
#.### ##...## #.#
######'### #.#
#........# #.#
#.####.#.# #.#
.####.#.# #>.
.......?#########
###
.##......@S......
##....#########
#....# .......#
########


You could see a ball python.

Vanquished Creatures
  A dart slug (D:1)
  A ball python (D:1)
  2 bats (D:1)
  2 hobgoblins (D:1)
  3 quokkas (D:1)
  2 goblins (D:1)
  2 kobolds (D:1)
  A rat (D:1)
14 creatures vanquished.

Notes
Turn   | Place    | Note
-------+----------+-------------------------------------------
     0 | D:1      | BinkBink the Ogre Berserker began the quest for the Orb.
     0 | D:1      | Reached XP level 1. HP: 24/24 MP: 1/1
   230 | D:1      | Found a faded altar of an unknown god.
   410 | D:1      | Reached XP level 2. HP: 33/33 MP: 2/2
  1123 | D:1      | Slain by a ball python

Illustrated notes

Levels and vault maps discovered:
D:1:      dpeg_arrival_concentric_ovals, layout_loops_corners, serial_forest,
          infiniplex_forest_straight_3, infiniplex_forest_zigzag_2,
          infiniplex_forest_diagonal, infiniplex_forest_3_way,
          infiniplex_forest_lined_1, infiniplex_forest_clump_long,
          shapermc_ecumenical_altar_totnotflames

Action                   || total
-------------------------++-------
Melee: Hand axe          ||    45
Armor: Animal skin       ||    43
Dodge: Dodged            ||    83
